 Dungeon Crawl Stone Soup version 0.29.0-13-gc9e81de378 (webtiles) character file.

Game seed: 17271438560858058222

3439 DocSulfur the Covert (level 10, 0/50 HPs)
             Began as a Kobold Hedge Wizard on Sept 7, 2022.
             Was a Believer of Dithmenos.
             Slain by Duvessa
             ... wielding a +0 short sword
              (11 damage)
             ... on level 7 of the Dungeon.
             The game lasted 00:54:25 (10958 turns).

DocSulfur the Covert (Kobold Hedge Wizard)         Turns: 10958, Time: 00:54:26

Health: 0/50       AC:  6    Str:  8    XL:     10   Next: 26%
Magic:  19/19      EV: 19    Int: 15    God:    Dithmenos [**....]
Gold:   403        SH:  0    Dex: 19    Spells: 3/21 levels left

rFire   . . .      SeeInvis .   y - +3 dagger (venom)
rCold   + . .      Faith    .   (no shield)
rNeg    . . .      Spirit   .   s - +2 robe "Enaugol" {Rampage rElec rCorr}
rPois   .          Reflect  .   c - +0 hat
rElec   +          Harm     .   (no cloak)
rCorr   +          Rampage  +   R - +1 pair of gloves
Will    .....                   (no boots)
Stlth   +++++++...              i - amulet of the acrobat
HPRegen 0.16/turn               t - ring of protection from cold
MPRegen 0.16/turn               (no ring)

@: about to teleport, wreathed by umbra
A: small, no large weapons, nightstalker 3
a: Renounce Religion, Shadow Step


You were on level 7 of the Dungeon.
You worshipped Dithmenos.
Dithmenos was pleased with you.
You visited 1 branch of the dungeon, and saw 9 of its levels.

You collected 403 gold pieces.

Inventory:

Hand Weapons
 h - a +0 sling
 q - a +1 short sword of protection
 v - a +0 rapier
 y - a +3 dagger of venom (weapon)
 B - a +1 dagger of electrocution
 C - a +4 short sword of speed
Missiles
 g - 99 stones
 n - 12 poisoned darts
 z - 7 boomerangs (quivered)
 P - a throwing net
Armour
 c - a +0 hat (worn)
 s - the +2 robe "Enaugol" (worn) {Rampage rElec rCorr}
   (You found it on level 2 of the Dungeon)

   rElec:     It insulates you from electricity.
   rCorr:     It protects you from acid and corrosion.
   Rampage:   It bestows one free step when moving towards enemies.
 R - a +1 pair of gloves (worn)
Jewellery
 i - an amulet of the acrobat (around neck)
 t - a ring of protection from cold (left hand)
 Q - a ring of fire
Wands
 E - a wand of digging (5)
 J - a wand of paralysis (4)
 N - a wand of polymorph (7)
Scrolls
 e - 2 scrolls of amnesia {unknown}
 f - 2 scrolls of enchant armour
 j - a scroll of torment {unknown}
 k - a scroll of fog {unknown}
 l - 3 scrolls of fear
 p - 4 scrolls of poison
 r - 3 scrolls of vulnerability
 u - a scroll of silence {unknown}
 w - a scroll of immolation {unknown}
 x - a scroll of magic mapping
 A - a scroll of blinking {unknown}
 L - a scroll of teleportation
 O - a scroll of identify
Potions
 b - 2 potions of brilliance {unknown}
 d - 2 potions of magic
 m - 2 potions of heal wounds {unknown}
 o - 2 potions of might
 D - 2 potions of degeneration {unknown}
 F - 2 potions of flight {unknown}
 G - a potion of mutation {unknown}
 H - 2 potions of curing {unknown}
 I - 2 potions of haste
 K - a potion of cancellation {unknown}
 M - 2 potions of resistance {unknown}


   Skills:
 - Level 6.0 Short Blades
 - Level 7.4 Dodging
 - Level 10.4 Stealth
 + Level 6.3 Spellcasting
 + Level 4.5 Conjurations
 + Level 2.8 Hexes
 - Level 1.0 Summonings
 - Level 2.0 Translocations
 - Level 4.0 Fire Magic
 + Level 1.7 Air Magic
 - Level 1.0 Poison Magic


You had 3 spell levels left.
You knew the following spells:

 Your Spells              Type           Power      Damage    Failure   Level
a - Magic Dart            Conj           72%        1d6       2%          1
b - Slow                  Hex            52%        N/A       4%          1
c - Foxfire               Conj/Fire      68%        2x1d7     2%          1
d - Blink                 Tloc           20%        N/A       10%         2
e - Conjure Flame         Conj/Fire      17%        6-21      8%          3
f - Flame Wave            Conj/Fire      17%        2d7       24%         4
g - Dazzling Flash        Conj/Hex       30%        N/A       10%         3
h - Mephitic Cloud        Conj/Pois/Air  12%        N/A       16%         3

Your spell library contained the following spells:

 Spells                   Type           Power      Damage    Failure   Level
 Apportation              Tloc           20%        N/A       6%          1
 Summon Small Mammal      Summ           28%        N/A       10%         1
 Inner Flame              Hex/Fire       15%        N/A       11%         3
 Necrotise                Necr           16%        1d4       14%         1
 Call Imp                 Summ           7%         N/A       14%         2
 Summon Guardian Golem    Hex/Summ       10%        N/A       19%         3
 Cause Fear               Hex            6%         N/A       41%         4
 Silence                  Hex/Air        5%         N/A       83%         5
 Agony                    Necr           4%         N/A       98%         5
 Orb of Destruction       Conj           9%         9d6       100%        7
 Spellforged Servitor     Conj/Summ      6%         N/A       100%        7
 Borgnjor's Revivificati  Necr           2%         N/A       100%        8
 Discord                  Hex            6%         N/A       100%        8
 Necromutation            Tmut/Necr      2%         N/A       100%        8
 Death's Door             Necr           2%         N/A       100%        9


Dungeon Overview and Level Annotations

Branches:
Dungeon (9/15)               Lair (0/5) D:9
 Temple: D:4-7          Orc: D:9-12

Altars:
Ashenzari
Cheibriados
Dithmenos
Nemelex Xobeh
Ru
Xom
Zin
The Shining One

Annotations:
D:7 Duvessa


Innate Abilities, Weirdness & Mutations

You are small and have problems with some larger weapons.
You are completely attuned to the shadows.


Message History

You hear a shout!
You hear a shout!
You hear a shout!
Magic restored.
You hear a shout!
You hear a shout!
You hear a shout!
You hear a shout!
You see here a +0 shortbow.
You hear a shout!
Duvessa is nearby!
Aiming: Paralyse
Press: ? - help, Shift-Dir - straight line, f - Duvessa
Aim: Duvessa, wielding a +0 short sword and wearing a +0 ring mail (berserk, chance to affect: 31%) Duvessa easily resists.
You hear a shout!
You hear an angry hiss.
Unknown command.
Aiming: Paralyse
Press: ? - help, Shift-Dir - straight line, f/p - Duvessa
Aim: Duvessa, wielding a +0 short sword and wearing a +0 ring mail (berserk, chance to affect: 31%) Duvessa easily resists.
You hear a croak.
Aiming: Paralyse
Press: ? - help, Shift-Dir - straight line, f/p - Duvessa
Aim: Duvessa, wielding a +0 short sword and wearing a +0 ring mail (berserk, umbra, chance to affect: 31%) Duvessa easily resists.
Duvessa hits you with a +0 short sword! Duvessa completely misses you.
A bullfrog comes into view.
Aiming: Paralyse
Press: ? - help, Shift-Dir - straight line, f/p - Duvessa
Aim: Duvessa, wielding a +0 short sword and wearing a +0 ring mail (berserk, umbra, chance to affect: 31%) Nothing appears to happen.
Duvessa hits you with a +0 short sword!
Unknown command.
Unknown command.
Okay, then.
As you read the scroll of teleportation, it crumbles to dust.
You feel strangely unstable. Duvessa hits you with a +0 short sword!
* * * LOW HITPOINT WARNING * * *
Duvessa hits you with a +0 short sword!
You die...

#.......#####..##.##
#......## #####.## #......#
#8.8# ##..##.#### ##
##.##### ###
#...##.##8##8##8##.##8##
..#
#..##..'..........[.....
..##
##..##..##8##8##8##.##8##
...# #..##...####
######.##### ...##
##..#..Fe@.## ##.#8.8
....####...........##
#..##.# #
.....##.............###..#
###
......#................).#
##..
..........≈≈≈≈.≈≈≈≈.##...#
#...
..........≈...§...≈.####.#
#.##
..........≈.≈≈§≈≈.≈.####.##
###
..........≈.≈...§.§.#.....#
..........≈.≈._.≈.≈......##


You could see Duvessa (berserk) and a bullfrog.

Vanquished Creatures
  A hydra (D:6)
  A troll (D:6)
  A steam dragon (D:6)
  A black bear (D:5)
  A water moccasin (D:8)
  An orc warrior (D:8)
  A sky beast (D:7)
  2 ice beasts (D:6)
  A centaur (D:8)
  2 phantoms
  A kobold brigand (D:9)
  4 scorpions
  A bullfrog (D:9)
  9 wights
  Dowan (D:7)
  3 orc priests
  3 hounds
  An iron imp (D:7)
  Natasha (twice) (D:3)
  4 iguanas
  11 orc wizards
  3 gnolls (D:7)
  9 adders
  A worm (D:2)
  3 dart slugs
  22 orcs
  3 bats
  6 endoplasms
  4 giant cockroaches
  8 goblins
  9 hobgoblins
  7 kobolds
  2 quokkas
  5 ball pythons
  A frilled lizard (D:1)
  2 goblin zombies (D:7)
  3 hobgoblin zombies (D:7)
  2 orc skeletons (D:7)
  An orc zombie (D:7)
  2 rats
145 creatures vanquished.

Vanquished Creatures (others)
  329 foxfires
329 creatures vanquished.

Grand Total: 474 creatures vanquished

Notes
Turn   | Place    | Note
-------+----------+-------------------------------------------
     0 | D:1      | DocSulfur the Kobold Hedge Wizard began the quest for the
                  | Orb.
     0 | D:1      | Reached XP level 1. HP: 10/10 MP: 4/4
     2 | D:1      | Learned a level 1 spell: Slow
    46 | D:1      | Found a faded altar of an unknown god.
   352 | D:1      | Reached skill level 3 in Stealth
   414 | D:1      | Reached skill level 1 in Short Blades
   414 | D:1      | Reached XP level 2. HP: 15/15 MP: 1/6
  1285 | D:2      | Identified the +2 robe "Enaugol" {Rampage rElec rCorr}
  1372 | D:2      | Learned a level 1 spell: Foxfire
  1375 | D:2      | Learned a level 2 spell: Blink
  1388 | D:2      | Reached XP level 3. HP: 19/19 MP: 0/8
  1837 | D:2      | Reached skill level 1 in Fire Magic
  2262 | D:2      | Reached XP level 4. HP: 14/24 MP: 9/9
  2678 | D:3      | Noticed Natasha
  2681 | D:3      | Killed Natasha
  3395 | D:3      | Reached XP level 5. HP: 28/28 MP: 10/10
  3659 | D:3      | Noticed Natasha
  3815 | D:3      | Killed Natasha
  3998 | D:3      | Reached XP level 6. HP: 32/32 MP: 12/12
  4098 | D:3      | Learned a level 3 spell: Conjure Flame
  4958 | D:4      | Found a sacrificial altar of Ru.
  4970 | D:4      | Found a glowing silver altar of Zin.
  5620 | D:4      | Reached XP level 7. HP: 29/36 MP: 9/13
  5627 | D:4      | Found a shimmering altar of Xom.
  5641 | D:4      | Found a shadowy altar of Dithmenos.
  5678 | D:4      | Became a worshipper of Dithmenos the Shadowed
  5742 | D:4      | Reached skill level 4 in Stealth
  5783 | D:4      | Reached skill level 1 in Hexes
  5829 | D:4      | Learned a level 4 spell: Flame Wave
  6416 | D:5      | Entered Level 5 of the Dungeon
  7195 | D:5      | Reached skill level 5 in Stealth
  7195 | D:5      | Reached skill level 5 in Spellcasting
  7195 | D:5      | Reached XP level 8. HP: 35/41 MP: 6/15
  7433 | D:6      | You fall into a shaft and drop 3 floors!
  7670 | D:9      | Reached * piety under Dithmenos
  7674 | D:9      | Reached skill level 6 in Stealth
  7995 | D:8      | Reached skill level 5 in Short Blades
  8055 | D:8      | Reached XP level 9. HP: 45/45 MP: 18/18
  8287 | D:7      | Found a sparkling altar of Nemelex Xobeh.
  8287 | D:7      | Found a snail-covered altar of Cheibriados.
  8307 | D:7      | Found a broken altar of Ashenzari.
  8344 | D:7      | Found a glowing golden altar of the Shining One.
  8497 | D:7      | Noticed a troll
  8529 | D:6      | Reached skill level 7 in Stealth
  9017 | D:6      | Reached skill level 5 in Dodging
  9017 | D:6      | Reached skill level 8 in Stealth
  9061 | D:6      | HP: 2/43 [wight/+0 scimitar (13)]
  9514 | D:6      | Reached skill level 9 in Stealth
  9771 | D:6      | Noticed a seven-headed hydra
  9773 | D:6      | Killed a seven-headed hydra
  9774 | D:6      | Reached skill level 10 in Stealth
  9774 | D:6      | Reached XP level 10. HP: 50/50 MP: 19/19
  9867 | D:6      | Learned a level 3 spell: Dazzling Flash
  9871 | D:6      | Learned a level 3 spell: Mephitic Cloud
 10286 | D:7      | Reached ** piety under Dithmenos
 10380 | D:7      | Noticed Duvessa
 10380 | D:7      | Noticed Dowan
 10382 | D:7      | Killed Dowan
 10383 | D:7      | Reached skill level 1 in Air Magic
 10383 | D:7      | Reached skill level 1 in Poison Magic
 10958 | D:7      | Slain by Duvessa

Illustrated notes

Levels and vault maps discovered:
D:1:      nicolae_arrival_washed_ashore, layout_loops_ring,
          basic_ecumenical_altar, minmay_misc_feat_rows
D:2:      layout_loops_corners, minmay_pentomino_s2
D:3:      layout_basic, uniq_natasha
D:4:      layout_rooms, nicolae_overflow_quartered_altars
D:5:      layout_gridville
D:6:      layout_basic, minmay_microvault
D:7:      layout_layer_cave, mainiacjoe_overflow_concentric_impassable,
          nicolae_tso_besieged_by_evil,
          chequers_temple_overflow_statue_of_worship,
          minmay_temple_entry_enclosed_plants, enter_bailey_5,
          minmay_misc_feat_more_columns, dk_noncrumbling_2, kennysheep_dice,
          uniq_duvessa, uniq_menkaure
D:8:      layout_basic
D:9:      layout_basic, amethyst_overflow_temple_binary, lair_entry_dummy,
          gammafunk_ghost_necromancy

Skill      XL: |  1  2  3  4  5  6  7  8  9 10 |
---------------+-------------------------------+-----
Stealth        | 3 5 6 10 | 10.4
Short Blades   | 1 2 5 6 |  6.0
Fire Magic     | 1 2 3 4 |  4.0
Conjurations   | 2 3 4 |  4.5
Spellcasting   | 4 5 6 |  6.3
Translocations | 2 |  2.0
Hexes          | 2 |  2.8
Dodging        | 3 7 |  7.4
Air Magic      | 1 |  1.7
Poison Magic   | 1 |  1.0
Summonings     | |  1.0

Action                   |  1- 3 |  4- 6 |  7- 9 | 10-12 || total
-------------------------+-------+-------+-------+-------++-------
Melee: Dagger            |    54 |    36 |    79 |    30 ||   199
       Punch             |     1 |       |       |     2 ||     3
       Rapier            |     5 |       |       |       ||     5
       Short sword       |       |     1 |       |       ||     1
Throw: Dart              |       |     4 |     6 |       ||    10
       Boomerang         |       |       |     5 |       ||     5
 Cast: Magic Dart        |    35 |    13 |     1 |       ||    49
       Blink             |     1 |     1 |     3 |     1 ||     6
       Foxfire           |       |    55 |   111 |    21 ||   187
       Slow              |       |     2 |     9 |    10 ||    21
       Conjure Flame     |       |       |     8 |       ||     8
Evoke: Wand              |       |       |    11 |     5 ||    16
  Use: Scroll            |       |     6 |     2 |     2 ||    10
       Potion            |       |       |       |     1 ||     1
 Stab: Sleeping          |     5 |    14 |    19 |     8 ||    46
       Distracted        |       |     1 |     1 |       ||     2
       Paralysed         |       |       |     3 |     1 ||     4
Armor: Robe              |    12 |    11 |    28 |     6 ||    57
Dodge: Dodged            |    33 |    83 |   163 |    50 ||   329
